 Dungeon Crawl Stone Soup version 0.19.4-8-ga85b6b9 (webtiles) character file.

16 sveltemanboy the Charmwright (level 2, -3/19 HPs)
             Began as a High Elf Skald on Feb 9, 2017.
             Slain by a worm (5 damage)
             ... on level 2 of the Dungeon.
             The game lasted 00:01:34 (1069 turns).

sveltemanboy the Charmwright (High Elf Skald)       Turns: 1069, Time: 00:01:35

Health: -3/19      AC:  3    Str: 11    XL:     2   Next: 41%
Magic:  3/6        EV: 11    Int: 15    God:
Gold:   58         SH:  0    Dex: 14    Spells: 3 memorised, 0 levels left

rFire  . . .     SeeInvis .     a - +0 falchion
rCold  . . .     Gourm    .     b - +0 leather armour
rNeg   . . .     Faith    .     (no shield)
rPois  .         Spirit   .     (no helmet)
rElec  .         Reflect  .     (no cloak)
rCorr  .         Harm     .     (no gloves)
MR     .....                    (no boots)
Stlth  +.........               (no amulet)
                                (no ring)
                                (no ring)

@: singing
A: no striking features
a: Stop Singing


You were on level 2 of the Dungeon.
You were hungry.

You visited 1 branch of the dungeon, and saw 2 of its levels.

You collected 58 gold pieces.

Inventory:

Hand Weapons
 a - a +0 falchion (weapon)
Armour
 b - a +0 leather armour (worn)
Scrolls
 h - a scroll of amnesia {unknown}
 i - a scroll of enchant weapon {unknown}
 j - a scroll of identify {unknown}
 l - a scroll of remove curse {unknown}
 o - a scroll of teleportation {unknown}
Potions
 e - 2 potions of resistance {unknown}
 g - a potion of invisibility {unknown}
 m - 2 potions of cancellation {unknown}
Books
 c - a book of Battle

   Spells                             Type                      Level
   a - Infusion                       Charms                       1
   b - Shroud of Golubria             Charms/Translocation         2
   c - Song of Slaying                Charms                       2
   d - Spectral Weapon                Hexes/Charms                 3
   e - Regeneration                   Charms/Necromancy            3
Comestibles
 d - a bread ration
 f - a meat ration
 k - a beef jerky
 n - 3 chunks of flesh


   Skills:
 - Level 2.0 Fighting
 + Level 2.8 Long Blades
 - Level 1.0 Armour
 + Level 1.5 Dodging
 - Level 2.4 Spellcasting
 - Level 4.0 Charms
 + Level 0.2 Translocations


You couldn't memorise any spells.
You knew the following spells:

 Your Spells              Type           Power        Failure   Level  Hunger
a - Infusion              Chrm           ##..         6%          1    #......
b - Song of Slaying       Chrm           ##......     10%         2    ###....
c - Shroud of Golubria    Chrm/Tloc      #.........   21%         2    ###....


Dungeon Overview and Level Annotations

Branches:
Dungeon (2/15)

Altars:


Message History

You closely miss the kobold. The worm barely misses you.
The kobold hits you but does no damage.
You hit the kobold but do no damage.
You hear an angry hiss.
The goblin unwields an uncursed hunting sling.
The goblin hits you but does no damage. The kobold barely misses you.
The worm closely misses you.
You hit the goblin.
The goblin is moderately wounded.
The goblin closely misses you. The kobold hits you but does no damage.
The adder bites you.
* * * LOW HITPOINT WARNING * * *
Your shroud falls apart!
Some of the chunks of flesh in your inventory have rotted away.
A frilled lizard comes into view.
The frilled lizard hisses angrily.
You hear an angry hiss.
The goblin hits you.
* * * LOW HITPOINT WARNING * * *
The worm bites you.
You die...

####.....##.... ..
....<..........##g
####.##.##..# ...##
..#..##.....# ...###
<...#.......# ..$.##
.....)##..#.######....#
...................# #
..#.##..##.#....wg.##....
.##. #.###......@S.......
.##.##.# ####..##K.l.#...
.....#.#######..####.##..
................†.......
##..)..#########.........
. ###.. .......... #.
........... # #
........... ####........


You could see a worm, an adder, a goblin, a kobold and a frilled lizard.

Vanquished Creatures
  A dart slug (D:2)
  A giant cockroach (D:2)
  2 goblins
  3 kobolds
  3 bats
  2 frilled lizards (D:1)
  4 rats
16 creatures vanquished.

Notes
Turn   | Place    | Note
-------+----------+-------------------------------------------
     0 | D:1      | sveltemanboy the High Elf Skald began the quest for the Orb.
     0 | D:1      | Reached XP level 1. HP: 14/14 MP: 4/4
   161 | D:1      | Reached skill level 1 in Armour
   818 | D:2      | Reached skill level 4 in Charms
   825 | D:2      | Reached XP level 2. HP: 16/19 MP: 6/6
   872 | D:2      | Learned a level 2 spell: Song of Slaying
   875 | D:2      | Learned a level 2 spell: Shroud of Golubria
  1069 | D:2      | Slain by a worm

Skill      XL: |  1 |
---------------+----+-----
Armour         | 1 |  1.0
Charms         | 4 |  4.0
Fighting       | |  2.0
Long Blades    | |  2.8
Dodging        | |  1.5
Spellcasting   | |  2.4
Translocations | |  0.2

Action                   || total
-------------------------++-------
Melee: Falchion          ||    37
 Cast: Shroud of Golubri ||     1
       Song of Slaying   ||     1
Armor: Leather armour    ||     9
Dodge: Dodged            ||    25
       Rpst.: Falchion   ||     9
